 Dungeon Crawl Stone Soup version 0.24.1-4-ge52af88ad5 (webtiles) character file.

Game seed: 4927719921123455881, levelgen mode: deterministic

47319 RYPANIE the Infuser (level 14, -6/125 HPs)
             Began as a Vampire Skald on Apr 12, 2020.
             Was the Champion of Okawaru.
             Mangled by Jorgrun
             ... wielding an uncursed staff of earth
              (7 damage)
             ... on level 1 of the Orcish Mines.
             The game lasted 01:36:20 (16088 turns).

RYPANIE the Infuser (Vampire Skald)                Turns: 16088, Time: 01:36:22

Health: -6/125     AC: 10    Str: 11    XL:     14   Next: 8%
Magic:  13/20      EV: 17    Int: 23    God:    Okawaru [******]
Gold:   816        SH:  0    Dex: 17    Spells: 7/21 levels left

rFire    + . .     SeeInvis +   u - +0 long sword (elec)
rCold    + + .     Gourm    .   (no shield)
rNeg     . . .     Faith    .   C - +0 troll leather armour
rPois    +         Spirit   .   (no helmet)
rElec    .         Reflect  .   J - +1 cloak {rF+}
rCorr    .         Harm     .   B - +0 pair of gloves "Toifel" {Regen+ Slay+4} (curse)
MR       +....                  T - +1 pair of boots {run}
Stlth    ++++......             U - amulet of Vitality {Regen+ HP+15}
HPRegen  2.70/turn              O - ring of Understanding {rC++ Int+3 Dex+4}
MPRegen  0.17/turn              q - ring of poison resistance

@: grasped by roots, regenerating, slowed, constricted, very slow
A: no food, fangs 3, see invisible, unbreathing
a: Exsanguinate, Heroism, Finesse, Renounce Religion


You were on level 1 of the Orcish Mines.
You worshipped Okawaru.
Okawaru was exalted by your worship.
You were alive.

You visited 4 branches of the dungeon, and saw 17 of its levels.
You also visited: Gauntlet, Ice Cave and Volcano.

You collected 1276 gold pieces.
You spent 460 gold pieces at shops.

Inventory:

Hand Weapons
 a - a +1 great sword of freezing
 d - a +2 quick blade of flaming
 u - a +0 long sword of electrocution (weapon)
 z - a +1 falchion
 D - the +5 scythe "Finisher" {speed, eviscerate}
   (You found it on level 9 of the Dungeon)

   Attacks with this weapon are significantly faster.
 K - a +1 executioner's axe of flaming
 Q - a +1 great sword of slicing
Missiles
 v - 12 boomerangs (quivered)
Armour
 g - +0 acid dragon scales
 B - the cursed +0 pair of gloves "Toifel" (worn) {Regen+ Slay+4}
   (You bought it in a shop on level 8 of the Dungeon)

   It affects your accuracy and damage with ranged weapons and melee attacks
   (+4).
   It increases your rate of regeneration.
   It has a curse placed upon it.
 C - a +0 troll leather armour (worn)
 J - a +1 cloak of fire resistance (worn)
 R - a +1 pair of boots of stealth
 T - a +1 pair of boots of running (worn)
Jewellery
 k - a +5 amulet of reflection
 l - an uncursed ring of protection from cold
 p - a +3 ring of protection {unknown}
 q - a ring of poison resistance (right hand)
 w - an uncursed amulet of regeneration
 E - an uncursed ring of positive energy
 O - the ring of Understanding (left hand) {rC++ Int+3 Dex+4}
   (You found it in an ice cave)

   [ring of intelligence]

   It affects your intelligence (+3).
   It affects your dexterity (+4).
   It greatly protects you from cold.
 P - the ring of Xaicvitz {Ice rN+ Str+2 Dex+4}
   (You found it in an ice cave)

   [ring of ice]

   It enhances your ice magic.
   It affects your strength (+2).
   It affects your dexterity (+4).
   It makes you vulnerable to fire.
   It protects you from cold.
   It protects you from negative energy.
 U - the amulet of Vitality (around neck) {Regen+ HP+15}
   (You found it in a Gauntlet)

   [amulet of regeneration]

   It affects your health (+15).
   It increases your rate of regeneration.
 V - the ring "Unia" {Fire rPois rN+}
   (You found it in a Gauntlet)

   [ring of fire]

   It enhances your fire magic.
   It protects you from fire.
   It makes you vulnerable to cold.
   It protects you from poison.
   It protects you from negative energy.
Wands
 r - a wand of iceblast (18)
 t - a wand of acid (30)
 y - a wand of polymorph (16)
 F - a wand of digging (10)
 G - a wand of paralysis (7)
Scrolls
 b - 3 scrolls of blinking
 c - 13 scrolls of teleportation
 e - 3 scrolls of magic mapping
 i - a scroll of brand weapon
 j - 7 scrolls of remove curse
 m - a scroll of enchant weapon
 x - a scroll of enchant armour
 A - a scroll of fear
 L - 2 scrolls of vulnerability
 M - a scroll of torment
 N - a scroll of summoning
Potions
 f - a potion of curing
 h - 3 potions of flight
 n - 4 potions of heal wounds
 o - 2 potions of might
 s - 2 potions of brilliance
 H - 2 potions of berserk rage
 I - a potion of resistance


   Skills:
 * Level 10.1 Fighting
 * Level 11.0 Long Blades
 - Level 4.5 Armour
 * Level 11.9 Dodging
 + Level 7.3 Stealth
 + Level 4.2 Spellcasting
 + Level 9.5 Hexes
 * Level 12.1 Charms
 + Level 7.3 Necromancy


You had 7 spell levels left.
You knew the following spells:

 Your Spells              Type           Power        Failure   Level  Hunger
a - Infusion              Chrm           ####         1%          1    N/A
b - Regeneration          Chrm/Necr      #####.....   1%          3    N/A
c - Spectral Weapon       Hex/Chrm       ######..     1%          3    N/A
d - Shroud of Golubria    Chrm/Tloc      ####..       1%          2    N/A
e - Song of Slaying       Chrm           ######..     1%          2    N/A
f - Ozocubu's Armour      Chrm/Ice       ####....     3%          3    N/A

Your spell library contained the following spells:

 Spells                   Type           Power        Failure   Level  Hunger
 Freeze                   Ice            #...         13%         1    N/A
 Throw Frost              Conj/Ice       #.....       21%         2    N/A
 Ignite Poison            Fire/Tmut/Pois #.......     36%         3    N/A
 Metabolic Englaciation   Hex/Ice        ####......   45%         5    N/A
 Ice Form                 Ice/Tmut       #.......     78%         4    N/A
 Summon Ice Beast         Ice/Summ       #.......     78%         4    N/A
 Throw Icicle             Conj/Ice       #.......     78%         4    N/A
 Fireball                 Conj/Fire      #.........   98%         5    N/A
 Simulacrum               Ice/Necr       ###.......   99%         6    N/A
 Bolt of Cold             Conj/Ice       #.........   100%        6    N/A
 Bolt of Fire             Conj/Fire      #.........   100%        6    N/A
 Freezing Cloud           Conj/Ice/Air   #.........   100%        6    N/A
 Ozocubu's Refrigeration  Ice            #.........   100%        6    N/A
 Ring of Flames           Chrm/Fire      ####......   100%        7    N/A
 Ignition                 Fire           #.........   100%        8    N/A

Dungeon Overview and Level Annotations

Branches:
Dungeon (12/15)            Temple (1/1) D:7            Lair (3/6) D:9
 Spider (0/4) Lair:2          Orc (1/2) D:12          IceCv (visited)
Volcano (visited)         Gauntlet (visited)
  Swamp: Lair:2-4    Shoals: Lair:2-4

Altars:
Ashenzari
Cheibriados
Dithmenos
Elyvilon
Fedhas
Gozag
Hepliaklqana
Kikubaaqudgha
Makhleb
Nemelex Xobeh
Okawaru
Qazlal
Ru
Sif Muna
Trog
Uskayaw
Vehumet
Wu Jian
Xom
Yredelemnul
Zin
The Shining One
Beogh

Shops:
D:8 [[[*

Annotations:
D:5 1 runed translucent door, LifeIsToil's ghost, amateur DrAE
D:12 1 runed translucent door, Rastanax's ghost, novice MiFi
Lair:1 exclusion: 2 oklob plants
Orc:1 Jorgrun


Innate Abilities, Weirdness & Mutations

You do not eat.
Your natural rate of healing is unusually fast.
You have razor-sharp teeth.
You have supernaturally acute eyesight. (SInv)
You can survive without breathing.


Message History

An orc comes into view.
Jorgrun casts a spell at you.
Roots burst forth from the earth!
The grasping roots grab you!
* * * LOW HITPOINT WARNING * * *
The grasping roots constrict you!!
Unknown command.
As you read the scroll of fear, it crumbles to dust.
You assume a fearsome visage.
Your spectral weapon is unaffected.
Jorgrun resists with almost no effort.
The orc sorcerer looks frightened!
The orc warrior looks frightened!
The orc priest looks frightened!
The orc looks frightened!
The sixfirhy is unaffected.
The chaos spawn is unaffected.
The orc warrior gives up.
Jorgrun hits you with an uncursed staff of earth!
* * * LOW HITPOINT WARNING * * *
Jorgrun crushes you!
* * * LOW HITPOINT WARNING * * *
You die...

...........
#..........
##..........
#...........
#...<>......
##.....#....
#...o$##..o.
#....4..$...
##..@g(..^..
###)o......
##3....>.
.......
.......
..##.#. ...
#.. #.## #.


You could see Jorgrun, a sixfirhy, a chaos spawn, an orc sorcerer (fleeing), an
orc warrior (fleeing), an orc priest (fleeing) and a friendly spectral +0 long
sword of electrocution.

Vanquished Creatures
  Gastronok (Orc:1)
  A frost giant (IceCv)
  A minotaur (Gauntlet)
  3 two-headed ogres
  A dancing weapon (Volcano)
  A death scarab (Gauntlet)
  A death yak (IceCv)
  3 large abominations (Gauntlet)
  5 wizards (Volcano)
  A lindwurm (Lair:3)
  An oklob plant (Gauntlet)
  An ugly thing (D:12)
  2 manticores (D:12)
  A black mamba (Lair:1)
  5 toenail golems (Volcano)
  An ice statue (IceCv)
  3 torpor snails (Lair:2)
  Joseph (D:10)
  2 spiny frogs
  A gargoyle (D:11)
  2 rime drakes
  2 centaur skeletons
  3 komodo dragons
  3 trolls
  13 polar bears (IceCv)
  3 blink frogs (Lair:2)
  14 slime creatures
  6 hippogriffs
  4 wraiths (D:9)
  Sigmund (D:4)
  A basilisk (Lair:2)
  A wyvern (D:9)
  46 yaks
  A spectral fire crab (Gauntlet)
  A hungry ghost (D:7)
  3 acid dragons
  6 water moccasins
  2 porcupines
  5 orc warriors
  5 sky beasts
  2 black bears
  A necrophage (D:10)
  3 phantoms
  13 ice beasts
  3 ogres
  18 wolves
  6 centaurs
  3 crocodiles
  4 big kobolds
  A gnoll sergeant (D:9)
  7 bullfrogs
  3 small abominations (Gauntlet)
  3 scorpions
  6 killer bees (D:10)
  7 wights
  4 howler monkeys
  7 crimson imps
  5 centaur zombies
  A quasit (D:11)
  A bullfrog skeleton (D:8)
  4 hounds
  4 jellies
  A gnoll shaman (D:4)
  12 orc priests
  8 orc wizards
  Jessica (D:2)
  3 iguanas
  16 worker ants
  A killer bee zombie (D:10)
  3 hound skeletons
  A worker ant zombie (D:7)
  10 gnolls
  15 adders
  3 shadow imps
  An ooze (D:1)
  An adder zombie (D:9)
  An adder skeleton (D:4)
  3 worms
  A dart slug (D:2)
  7 leopard geckos
  53 orcs
  6 bats
  4 giant cockroaches
  4 goblins
  4 hobgoblins
  3 jackals (D:8)
  20 kobolds
  4 quokkas
  3 frilled lizards
  A leopard gecko skeleton (D:8)
  2 leopard gecko zombies
  A quokka zombie (D:7)
  4 rats
461 creatures vanquished.

Vanquished Creatures (collateral kills)
  A komodo dragon (D:11)
1 creature vanquished.

Vanquished Creatures (others)
  A demonic plant (Gauntlet)
  A fungus (Lair:2)
  2 plants (Lair:1)
  13 spectral weapons
17 creatures vanquished.

Grand Total: 479 creatures vanquished

Notes
Turn   | Place    | Note
-------+----------+-------------------------------------------
     0 | D:1      | RYPANIE the Vampire Skald began the quest for the Orb.
     0 | D:1      | Reached XP level 1. HP: 16/16 MP: 3/3
   474 | D:1      | Reached XP level 2. HP: 22/22 MP: 5/5
   856 | D:1      | Reached skill level 1 in Armour
  1181 | D:2      | Reached XP level 3. HP: 27/27 MP: 6/6
  1186 | D:2      | Learned a level 3 spell: Regeneration
  1343 | D:2      | Noticed Jessica
  1350 | D:2      | Killed Jessica
  1350 | D:2      | Reached XP level 4. HP: 19/33 MP: 3/7
  1355 | D:2      | Learned a level 3 spell: Spectral Weapon
  2085 | D:3      | Found a faded altar of an unknown god.
  2594 | D:4      | Reached skill level 4 in Charms
  2596 | D:4      | Reached XP level 5. HP: 38/39 MP: 5/9
  2603 | D:4      | Learned a level 2 spell: Shroud of Golubria
  2719 | D:4      | Noticed Sigmund
  2747 | D:4      | Reached XP level 6. HP: 29/46 MP: 6/10
  2778 | D:4      | Killed Sigmund
  3136 | D:4      | Reached XP level 7. HP: 52/52 MP: 8/12
  3142 | D:4      | Learned a level 2 spell: Song of Slaying
  3490 | D:5      | Entered Level 5 of the Dungeon
  3709 | D:5      | Found a runed translucent door.
  3718 | D:5      | Noticed LifeIsToil's ghost (amateur DrAE)
  3747 | D:5      | Reached skill level 1 in Hexes
  3747 | D:5      | Reached skill level 5 in Charms
  3784 | D:5      | Reached skill level 1 in Necromancy
  4013 | D:5      | Found a stormy altar of Qazlal.
  4042 | D:5      | Reached XP level 8. HP: 20/60 MP: 7/13
  4282 | D:5      | Reached skill level 5 in Dodging
  4787 | D:6      | Reached skill level 6 in Charms
  4881 | D:6      | Reached skill level 5 in Long Blades
  4882 | D:6      | Found an iron altar of Okawaru.
  5176 | D:6      | Got a bound granite ring
  5185 | D:6      | Identified the ring "Lihudiuti" {rPois Int+2 Dex-4 SInv}
                  | (You found it on level 6 of the Dungeon)
  5322 | D:7      | Found a staircase to the Ecumenical Temple.
  5341 | Temple   | Entered the Ecumenical Temple
  5440 | Temple   | Became a worshipper of Warmaster Okawaru
  5714 | D:7      | Reached XP level 9. HP: 67/67 MP: 12/14
  5870 | D:7      | Reached skill level 5 in Fighting
  5873 | D:7      | Reached skill level 1 in Stealth
  6127 | D:7      | Reached * piety under Okawaru
  6513 | D:8      | Reached skill level 7 in Charms
  6537 | D:8      | Found a radiant altar of Vehumet.
  6549 | D:8      | Found Setat's Armour Shop.
  6557 | D:8      | Found Qoxkip's Armour Shoppe.
  6564 | D:8      | Bought the cursed +0 pair of gloves "Toifel" {Regen+
                  | Slay+4} for 253 gold pieces
  6580 | D:8      | Noticed a two-headed ogre
  6589 | D:8      | Killed a two-headed ogre
  6589 | D:8      | Reached ** piety under Okawaru
  6589 | D:8      | Reached skill level 5 in Hexes
  6615 | D:8      | Reached XP level 10. HP: 69/76 MP: 8/15
  6676 | D:8      | Found Napaddia's Assorted Antiques.
  6690 | D:8      | Bought a potion of might for 92 gold pieces
  6690 | D:8      | Bought a scroll of teleportation for 69 gold pieces
  6848 | D:8      | Noticed a two-headed ogre
  6853 | D:8      | Killed a two-headed ogre
  6853 | D:8      | Reached *** piety under Okawaru
  6864 | D:8      | Found Yqerrun's Armour Shop.
  7303 | D:9      | Reached skill level 8 in Charms
  7617 | D:9      | Reached **** piety under Okawaru
  7715 | D:9      | Found a staircase to the Lair.
  7854 | D:9      | Found the +5 scythe "Finisher" {speed, eviscerate}
  7866 | D:9      | Reached XP level 11. HP: 72/83 MP: 13/17
  8396 | D:10     | Entered Level 10 of the Dungeon
  8396 | D:10     | Noticed Joseph
  8411 | D:10     | Killed Joseph
  8495 | Lair:1   | Entered Level 1 of the Lair of Beasts
  8637 | Lair:1   | Reached ***** piety under Okawaru
  8647 | Lair:1   | Reached skill level 5 in Necromancy
  8996 | Lair:1   | Noticed an oklob plant
  8996 | Lair:1   | Noticed an oklob plant
  9280 | Lair:1   | Reached skill level 9 in Charms
  9552 | Lair:2   | Received a gift from Okawaru
  9587 | Lair:2   | Found a dark tunnel.
  9593 | Volcano  | Entered a volcano
  9703 | Volcano  | Noticed a wizard
  9704 | Volcano  | Noticed a wizard
  9713 | Volcano  | Killed a wizard
  9717 | Volcano  | Killed a wizard
  9768 | Volcano  | Noticed a wizard
  9788 | Volcano  | Killed a wizard
  9799 | Volcano  | Noticed a wizard
  9811 | Volcano  | Killed a wizard
  9930 | Volcano  | Noticed a wizard
  9936 | Volcano  | Killed a wizard
 10000 | Volcano  | Reached XP level 12. HP: 88/92 MP: 13/18
 10360 | Lair:2   | Found a hole to the Spider Nest.
 10440 | Lair:2   | Reached skill level 10 in Charms
 10572 | Lair:2   | Learned a level 3 spell: Ozocubu's Armour
 10579 | Lair:2   | Received a gift from Okawaru
 10589 | Lair:2   | Reached skill level 10 in Dodging
 10591 | Lair:2   | Reached skill level 5 in Stealth
 10864 | Lair:2   | Found a snail-covered altar of Cheibriados.
 11113 | Lair:3   | Found a frozen archway.
 11147 | IceCv    | Entered an ice cave
 11206 | IceCv    | Reached ****** piety under Okawaru
 11255 | IceCv    | Noticed a death yak
 11280 | IceCv    | Killed a death yak
 11742 | IceCv    | Reached XP level 13. HP: 101/101 MP: 11/19
 11745 | IceCv    | Reached skill level 11 in Charms
 11884 | IceCv    | Noticed a frost giant
 11898 | IceCv    | Killed a frost giant
 11898 | IceCv    | Reached skill level 10 in Long Blades
 12044 | IceCv    | Got a pitted wooden ring
 12046 | IceCv    | Got a wavering glass ring
 12063 | Lair:3   | Identified the ring of Understanding {rC++ Int+3 Dex+4}
                  | (You found it in an ice cave)
 12064 | Lair:3   | Identified the ring of Xaicvitz {Ice rN+ Str+2 Dex+4} (You
                  | found it in an ice cave)
 12342 | D:10     | Received a gift from Okawaru
 12808 | D:8      | Bought a scroll of identify for 46 gold pieces
 13357 | D:11     | Found a gate leading to a gauntlet.
 13378 | Gauntlet | Entered a Gauntlet
 13378 | Gauntlet | Found a transporter.
 13378 | Gauntlet | Found a transporter.
 13379 | Gauntlet | Found a transporter.
 13379 | Gauntlet | Found a transporter.
 13382 | Gauntlet | Found a transporter.
 13383 | Gauntlet | Found a transporter.
 13384 | Gauntlet | Found a large runed translucent door.
 13385 | Gauntlet | Found a large runed translucent door.
 13386 | Gauntlet | Found a large runed translucent door.
 13386 | Gauntlet | Found a large runed translucent door.
 13386 | Gauntlet | Found a runed translucent door.
 13387 | Gauntlet | Found a large runed translucent door.
 13389 | Gauntlet | Found a large runed translucent door.
 13390 | Gauntlet | Found a large runed translucent door.
 13391 | Gauntlet | Found a large runed translucent door.
 13392 | Gauntlet | Found a runed translucent gate.
 13393 | Gauntlet | Found a runed translucent gate.
 13394 | Gauntlet | Found a transporter.
 13395 | Gauntlet | Found a transporter.
 13398 | Gauntlet | Found a transporter.
 13398 | Gauntlet | Found a transporter.
 13403 | Gauntlet | Found a runed translucent gate.
 13404 | Gauntlet | Found the amulet of Vitality {Regen+ HP+15}
 13404 | Gauntlet | Found a large runed translucent door.
 13405 | Gauntlet | Found a large runed translucent door.
 13406 | Gauntlet | Found a large runed translucent door.
 13407 | Gauntlet | Found a runed translucent door.
 13420 | Gauntlet | Found a large runed translucent door.
 13420 | Gauntlet | Found a large runed translucent door.
 13477 | Gauntlet | Found a transporter.
 13496 | Gauntlet | Found a transporter.
 13520 | Gauntlet | Found a large runed translucent door.
 13524 | Gauntlet | Found a large runed translucent door.
 13524 | Gauntlet | Found a large runed translucent door.
 13618 | Gauntlet | Identified a +1 pair of boots of running (You found it in a
                  | Gauntlet)
 13953 | Gauntlet | Got a shimmering tin ring
 13968 | Gauntlet | Noticed a minotaur
 13975 | Gauntlet | Killed a minotaur
 14171 | D:11     | Identified the ring "Unia" {Fire rPois rN+} (You found it
                  | in a Gauntlet)
 15106 | D:12     | Found a runed translucent door.
 15106 | D:12     | Noticed Rastanax's ghost (novice MiFi)
 15333 | D:12     | Reached skill level 10 in Fighting
 15486 | D:12     | Found a roughly hewn altar of Beogh.
 15486 | D:12     | Found a staircase to the Orcish Mines.
 15516 | D:12     | Received a gift from Okawaru
 15692 | D:12     | Reached skill level 12 in Charms
 15766 | D:12     | Reached XP level 14. HP: 110/110 MP: 12/20
 16070 | Orc:1    | Entered Level 1 of the Orcish Mines
 16070 | Orc:1    | Noticed Gastronok
 16076 | Orc:1    | Noticed Jorgrun
 16080 | Orc:1    | Killed Gastronok
 16088 | Orc:1    | HP: 1/125 [Jorgrun/uncursed staff of earth (22)]
 16088 | Orc:1    | Mangled by Jorgrun

Levels and vault maps discovered:
D:1:      tarquinn_simple_flora_water_f, layout_basic
D:2:      layout_loops_ring, minivault_27, uniq_jessica
D:3:      layout_basic, chequers_ecumenical_altar_grove
D:4:      layout_cave_pools, first_ration, uniq_sigmund
D:5:      layout_rooms, ebering_ghost_reflecting_pool, basic_altar,
          minmay_misc_feat_iff, grunt_ministairs_6
D:6:      kb_forest_paths, layout_basic, kennysheep_okawaru_gauntlet
D:7:      layout_loops_corners, minmay_temple_entry_trees
D:8:      cheibrodos_helix_gallery, layout_loops_ring, vehumet_altar_wand_db,
          serial_shops, nicolae_shop_overgrown_old_shop,
          nicolae_shop_statue_plus, nicolae_shop_stone,
          nicolae_shop_behind_doors
D:9:      layout_long_grid, erik_lair_dragon, blue_anna_alchemist
          [blue_anna_fruit_fields, blue_anna_fruit_fields],
          minmay_guarded_unrand_finisher
D:10:     layout_irregular_city, kennysheep_generic_room_15, uniq_joseph
D:11:     layout_stronghold, gauntlet_entry_generic
D:12:     layout_layer_cave, david_orc_5, gammafunk_ghost_grave,
          serial_park_tiny_1
Temple:   nicolae_temple_the_god_donut
Lair:1:   layout_cave_pods, grunt_megastairs_2, infiniplex_staircase_pool,
          minmay_lair_oklob_chamber
Lair:2:   layout_regular_city, spider_nest_entry_web_field,
          lightli_volcano_entry_magma_tube, kennysheep_snail_temple
Lair:3:   layout_gridlike, portal_ice_cave_entry_ice_beasts
Orc:1:    layout_caves, mines_bat_river, uniq_gastronok, uniq_jorgrun,
          uniq_fannar, uniq_snorg

Skill      XL: |  1  2  3  4  5  6  7  8  9 10 11 12 13 14 |
---------------+-------------------------------------------+-----
Armour         | 1 2 3 4 |  4.5
Fighting       | 2 3 4 5 6 7 9 10 | 10.1
Dodging        | 3 4 5 7 8 9 10 11 | 11.9
Charms         | 4 5 6 7 8 9 10 12 | 12.1
Spellcasting   | 3 4 |  4.2
Long Blades    | 3 4 5 6 7 8 9 10 11 | 11.0
Hexes          | 1 3 5 6 7 8 9 |  9.5
Necromancy     | 1 2 3 4 5 6 7 |  7.3
Stealth        | 3 4 6 7 |  7.3

Action                   |  1- 3 |  4- 6 |  7- 9 | 10-12 | 13-15 || total
-------------------------+-------+-------+-------+-------+-------++-------
Melee: Falchion          |    63 |   137 |   149 |       |       ||   349
       Bite              |     5 |     7 |    32 |    67 |    49 ||   160
       Long sword        |       |       |   135 |   492 |   365 ||   992
       Scimitar          |       |       |       |       |     8 ||     8
       Punch             |       |       |       |       |     1 ||     1
Throw: Boomerang         |       |       |     9 |       |       ||     9
 Cast: Infusion          |     7 |     3 |       |       |       ||    10
       Spectral Weapon   |       |     9 |    36 |    61 |    41 ||   147
       Regeneration      |       |     3 |    11 |    17 |    18 ||    49
       Shroud of Golubri |       |       |     8 |    28 |    12 ||    48
       Song of Slaying   |       |       |       |     2 |     3 ||     5
       Ozocubu's Armour  |       |       |       |     1 |     1 ||     2
Invok: Heroism           |       |       |       |     3 |     4 ||     7
       Finesse           |       |       |       |     1 |     3 ||     4
Evoke: Wand              |       |       |     6 |     3 |     8 ||    17
  Use: Scroll            |       |     5 |     6 |    12 |    16 ||    39
       Potion            |       |     1 |       |     1 |     1 ||     3
 Stab: Distracted        |       |       |     2 |     8 |     3 ||    13
       Sleeping          |       |       |       |     5 |     6 ||    11
       Paralysed         |       |       |       |       |    19 ||    19
Armor: Leather armour    |    16 |    27 |    59 |    25 |       ||   127
       Skin              |       |     7 |       |       |       ||     7
       Troll leather arm |       |       |       |    85 |    56 ||   141
Dodge: Dodged            |    45 |    92 |   181 |   355 |   262 ||   935
Block: Other             |       |    33 |    76 |   108 |    32 ||   249
       Reflection        |       |     1 |     1 |     4 |     2 ||     8
       Rpst.: Falchion   |    15 |    27 |    23 |       |       ||    65
       Long sword        |       |       |    24 |   122 |    60 ||   206
